General information
- name: BNet
- type: Ladder team game (AT/RT)
- host: Battle.net
- saver: CloakAndDagger.
map: Deadlock
- players: 8
- length: 35:30
- speed: Fast
- version: 1.26 W3XP
- replay type: Public
» download(196 KB)
Players
team 1 (winner)
tony_stark (
purple | 71 APM | 855 actions | 12:03)
3 Blood Mage
2 Flame Strike
1 Siphon Mana
1 Mountain King
1 Storm Bolt
» actions
| Assign group hotkey | 12 | |
| Basic commands | 19 | |
| Build / train | 44 | |
| ESC pressed | 6 | |
| Enter build submenu | 21 | |
| Enter hero's abilities submenu | 4 | |
| Give item / drop item | 1 | |
| Right click | 201 | |
| Select / deselect | 188 | |
| Select group hotkey | 297 | |
| Use ability | 62 | |
855 total
» units
» upgrades
| Defend | 1 | |
| Lumber Harvesting | 1 | |
| Masonry | 1 | |
3 total
» buildings
| Altar of Kings | 1 | |
| Farm | 7 | |
| Barracks | 1 | |
| Keep | 1 | |
| Arcane Vault | 1 | |
| Lumber Mill | 1 | |
| Blacksmith | 1 | |
| Castle | 1 | |
| Town Hall | 4 | |
| Scout Tower | 5 | |
| Guard Tower | 2 | |
| Arcane Tower | 1 | |
26 total
» build order
00:10 Altar of Kings
00:14 Farm
00:24 Barracks
00:51 Farm
03:29 Keep
03:36 Farm
03:38 Arcane Vault
03:42 Farm
04:22 Lumber Mill
04:34 Farm
05:40 Farm
05:43 Blacksmith
06:09 Castle
06:47 Town Hall
06:51 Scout Tower
06:51 Scout Tower
06:51 Scout Tower
06:56 Scout Tower
07:06 Farm
07:21 Guard Tower
07:22 Guard Tower
09:02 Town Hall
09:08 Scout Tower
09:24 Town Hall
11:06 Arcane Tower
11:16 Town Hall
» items
| Boots of Speed | 1 | |
| Scroll of Regeneration | 2 | |
3 total

»
ZhuGeLiang (
pink | 85 APM | 1221 actions | 14:17)
3 Priestess of the Moon
1 Scout
2 Trueshot Aura
1 Keeper of the Grove
1 Entangling Roots
» actions
| Assign group hotkey | 14 | |
| Build / train | 40 | |
| Enter build submenu | 17 | |
| Enter hero's abilities submenu | 4 | |
| Right click | 487 | |
| Select / deselect | 228 | |
| Select group hotkey | 389 | |
| Use ability | 42 | |
1221 total
» units
| Wisp | 13 | |
| Archer | 5 | |
| Huntress | 4 | |
| Dryad | 4 | |
| Mountain Giant | 1 | |
27 total
» upgrades
| Strength of the Wild | 1 | |
| Reinforced Hides | 1 | |
2 total
» buildings
| Altar of Elders | 1 | |
| Moon Well | 6 | |
| Ancient of War | 1 | |
| Hunter's Hall | 1 | |
| Tree of Ages | 1 | |
| Ancient Protector | 1 | |
| Ancient of Lore | 2 | |
| Ancient of Wonders | 1 | |
| Tree of Life | 1 | |
| Tree of Eternity | 1 | |
| Town Hall | 1 | |
17 total
» build order
00:21 Altar of Elders
00:36 Moon Well
01:16 Ancient of War
01:29 Moon Well
01:54 Moon Well
02:52 Hunter's Hall
03:20 Tree of Ages
04:04 Moon Well
05:33 Ancient Protector
05:49 Ancient of Lore
06:10 Ancient of Lore
06:46 Ancient of Wonders
09:54 Tree of Life
10:07 Tree of Eternity
11:10 Moon Well
11:17 Moon Well
13:05 Town Hall
» items
| Scroll of Protection | 1 | |
| Scroll of Town Portal | 2 | |
3 total

»
Whatisgoingon (
green | 18 APM | 656 actions | 35:30)
3 Paladin
1 Holy Light
1 Divine Shield
1 Devotion Aura
2 Archmage
1 Summon Water Elemental
1 Brilliance Aura
» actions
| Assign group hotkey | 48 | |
| Basic commands | 105 | |
| Build / train | 46 | |
| Enter build submenu | 21 | |
| Enter hero's abilities submenu | 5 | |
| Right click | 41 | |
| Select / deselect | 142 | |
| Select group hotkey | 208 | |
| Use ability | 40 | |
656 total
» units
| Peasant | 11 | |
| Rifleman | 7 | |
| Knight | 6 | |
| Siege Engine | 6 | |
30 total
» upgrades
| Animal War Training | 1 | |
| Barrage | 1 | |
2 total
» buildings
| Altar of Kings | 1 | |
| Farm | 10 | |
| Barracks | 1 | |
| Lumber Mill | 1 | |
| Blacksmith | 1 | |
| Scout Tower | 5 | |
| Arcane Tower | 1 | |
| Arcane Vault | 1 | |
| Keep | 1 | |
| Workshop | 1 | |
| Castle | 1 | |
| Guard Tower | 3 | |
27 total
» build order
00:19 Altar of Kings
00:24 Farm
00:32 Barracks
01:07 Farm
01:30 Lumber Mill
01:50 Blacksmith
02:02 Scout Tower
02:35 Arcane Tower
02:55 Farm
03:08 Arcane Vault
03:48 Farm
03:51 Keep
04:50 Farm
05:50 Farm
06:50 Workshop
06:51 Castle
08:04 Farm
09:00 Scout Tower
09:37 Guard Tower
10:16 Scout Tower
10:31 Farm
10:58 Scout Tower
11:00 Guard Tower
12:24 Farm
13:57 Farm
14:25 Guard Tower
15:36 Scout Tower
» items
UNDEAD.SOLDER (
yellow | 54 APM | 1911 actions | 35:26)
9 Far Seer
3 Feral Spirit
3 Chain Lighting
1 Earth Quake
2 Far Sight
» actions
| Assign group hotkey | 37 | |
| Basic commands | 39 | |
| Build / train | 82 | |
| Enter build submenu | 23 | |
| Enter hero's abilities submenu | 9 | |
| Give item / drop item | 1 | |
| Remove unit from queue | 6 | |
| Right click | 706 | |
| Select / deselect | 264 | |
| Select group hotkey | 607 | |
| Use ability | 137 | |
1911 total
» units
| Peon | 19 | |
| Grunt | 4 | |
| Wind Rider | 8 | |
| Troll Batrider | 11 | |
42 total
» upgrades
| Ranged Weapons | 3 | |
| Reinforced Defenses | 1 | |
| Envenomed Spears | 1 | |
| Armor | 3 | |
| Liquid Fire | 1 | |
9 total
» buildings
| Altar of Storms | 1 | |
| Orc Burrow | 8 | |
| Barracks | 1 | |
| Voodoo Lounge | 1 | |
| Stronghold | 1 | |
| Great Hall | 2 | |
| War Mill | 1 | |
| Watch Tower | 17 | |
| Fortress | 1 | |
| Beastiary | 3 | |
36 total
» build order
00:10 Altar of Storms
00:21 Orc Burrow
00:37 Barracks
01:30 Orc Burrow
01:59 Voodoo Lounge
03:06 Stronghold
04:12 Great Hall
04:46 Orc Burrow
05:12 War Mill
06:28 Watch Tower
06:28 Watch Tower
06:32 Watch Tower
06:32 Watch Tower
07:16 Fortress
09:13 Watch Tower
09:14 Watch Tower
09:15 Watch Tower
09:17 Watch Tower
09:17 Watch Tower
09:19 Watch Tower
09:19 Watch Tower
10:01 Watch Tower
10:02 Watch Tower
10:02 Watch Tower
10:12 Orc Burrow
10:22 Beastiary
11:11 Beastiary
11:30 Orc Burrow
12:40 Orc Burrow
12:57 Beastiary
13:17 Watch Tower
13:18 Watch Tower
18:58 Orc Burrow
18:59 Orc Burrow
23:58 Great Hall
» items
| Healing Salve | 2 | |
| Scroll of Town Portal | 2 | |
| Orb of Lightning | 1 | |
| Potion of Healing | 1 | |
| Potion of Lesser Invulnerability | 2 | |
| Scroll of Healing | 5 | |
13 total
team 2 (loser)
Lucky.wolf (
blue | 34 APM | 1200 actions | 35:30)
4 Mountain King
2 Storm Bolt
2 Bash
2 Paladin
1 Holy Light
1 Divine Shield
» actions
| Assign group hotkey | 18 | |
| Basic commands | 1 | |
| Build / train | 74 | |
| ESC pressed | 1 | |
| Enter build submenu | 23 | |
| Enter hero's abilities submenu | 6 | |
| Right click | 647 | |
| Select / deselect | 253 | |
| Select group hotkey | 100 | |
| Use ability | 77 | |
1200 total
» units
» upgrades
| Gunpowder | 2 | |
| Armor | 2 | |
| Masonry | 2 | |
| Long Rifles | 1 | |
7 total
» buildings
| Altar of Kings | 3 | |
| Farm | 8 | |
| Blacksmith | 1 | |
| Barracks | 2 | |
| Scout Tower | 5 | |
| Arcane Tower | 1 | |
| Arcane Vault | 1 | |
| Keep | 2 | |
| Lumber Mill | 1 | |
| Guard Tower | 3 | |
| Castle | 2 | |
| Town Hall | 1 | |
30 total
» build order
00:21 Altar of Kings
00:36 Farm
01:30 Blacksmith
01:35 Barracks
02:02 Farm
02:03 Farm
02:04 Farm
02:12 Scout Tower
02:47 Arcane Tower
03:10 Barracks
03:26 Arcane Vault
04:18 Farm
04:19 Farm
05:01 Keep
05:06 Lumber Mill
06:55 Farm
06:57 Farm
08:14 Scout Tower
08:17 Scout Tower
08:20 Scout Tower
08:26 Scout Tower
08:52 Guard Tower
09:22 Guard Tower
11:39 Guard Tower
12:46 Castle
12:46 Castle
15:10 Town Hall
18:24 Altar of Kings
26:31 Altar of Kings
» items
| Scroll of Town Portal | 5 | |
| Scroll of Regeneration | 3 | |
| Lesser Clarity Potion | 3 | |
| Potion of Healing | 2 | |
| Boots of Speed | 1 | |
| Staff of Teleportation | 1 | |
| Potion of Lesser Invulnerability | 1 | |
| Orb of Fire | 1 | |
17 total
hai1961 (
orange | 36 APM | 1268 actions | 35:30)
5 Demon Hunter
3 Immolation
1 Evasion
1 Metamorphosis
» actions
| Assign group hotkey | 21 | |
| Basic commands | 6 | |
| Build / train | 88 | |
| Enter build submenu | 27 | |
| Enter hero's abilities submenu | 5 | |
| Remove unit from queue | 4 | |
| Right click | 320 | |
| Select / deselect | 309 | |
| Select group hotkey | 448 | |
| Use ability | 40 | |
1268 total
» units
| Wisp | 31 | |
| Huntress | 4 | |
| Chimaera | 14 | |
| Hippogryph | 10 | |
59 total
» upgrades
| Strength of the Wild | 3 | |
| Reinforced Hides | 3 | |
| Corrosive Breath | 1 | |
| Ultravision | 1 | |
| Well Spring | 1 | |
9 total
» buildings
| Moon Well | 8 | |
| Altar of Elders | 1 | |
| Tree of Life | 2 | |
| Hunter's Hall | 1 | |
| Ancient of War | 1 | |
| Tree of Ages | 2 | |
| Ancient Protector | 6 | |
| Tree of Eternity | 1 | |
| Ancient of Wind | 3 | |
| Ancient of Wonders | 1 | |
| Chimaera Roost | 3 | |
29 total
» build order
00:23 Moon Well
00:36 Altar of Elders
01:09 Moon Well
02:10 Tree of Life
02:44 Hunter's Hall
02:59 Ancient of War
03:18 Moon Well
03:38 Tree of Ages
03:53 Ancient Protector
04:48 Moon Well
05:33 Moon Well
06:15 Tree of Eternity
06:55 Ancient of Wind
06:59 Ancient of Wind
08:08 Ancient of Wonders
08:43 Chimaera Roost
08:46 Chimaera Roost
08:48 Chimaera Roost
08:54 Moon Well
12:35 Ancient Protector
12:37 Ancient Protector
12:57 Ancient Protector
13:12 Ancient Protector
16:51 Ancient of Wind
17:35 Moon Well
17:38 Moon Well
19:30 Ancient Protector
21:42 Tree of Life
26:43 Tree of Ages
» items
| Scroll of Town Portal | 2 | |
| Potion of Healing | 2 | |
| Orb of Venom | 1 | |
| Staff of Preservation | 1 | |
6 total
HIDEBEHINDTOWER (
teal | 66 APM | 2087 actions | 31:28)
7 Blademaster
3 Wind Walk
3 Critical Strike
1 Bladestorm
» actions
| Assign group hotkey | 255 | |
| Basic commands | 213 | |
| Build / train | 61 | |
| Enter build submenu | 24 | |
| Enter hero's abilities submenu | 7 | |
| Give item / drop item | 8 | |
| Remove unit from queue | 1 | |
| Right click | 908 | |
| Select / deselect | 330 | |
| Select group hotkey | 210 | |
| Use ability | 70 | |
2087 total
» units
| Peon | 12 | |
| Grunt | 4 | |
| Wind Rider | 6 | |
| Troll Batrider | 10 | |
32 total
» upgrades
| Ranged Weapons | 3 | |
| Liquid Fire | 1 | |
| Armor | 3 | |
| Reinforced Defenses | 1 | |
8 total
» buildings
| Altar of Storms | 1 | |
| Orc Burrow | 5 | |
| Barracks | 1 | |
| Voodoo Lounge | 1 | |
| Stronghold | 1 | |
| Great Hall | 2 | |
| War Mill | 2 | |
| Fortress | 1 | |
| Beastiary | 5 | |
| Watch Tower | 7 | |
26 total
» build order
00:35 Altar of Storms
00:40 Orc Burrow
00:49 Barracks
01:22 Orc Burrow
02:04 Voodoo Lounge
03:06 Stronghold
04:44 Great Hall
05:19 War Mill
06:01 Fortress
06:04 Beastiary
06:04 Beastiary
06:35 Orc Burrow
06:37 Orc Burrow
07:20 Beastiary
16:00 Watch Tower
16:00 Watch Tower
16:01 Watch Tower
16:01 Watch Tower
17:24 Watch Tower
17:25 Watch Tower
17:27 Watch Tower
18:43 Beastiary
18:48 War Mill
20:59 Great Hall
21:17 Orc Burrow
» items
| Healing Salve | 3 | |
| Lesser Clarity Potion | 2 | |
| Scroll of Town Portal | 2 | |
| Orb of Lightning | 1 | |
| Potion of Mana | 1 | |
| Staff of Teleportation | 1 | |
10 total
CloakAndDagger. (
red | 67 APM | 2364 actions | 35:30)
8 Archmage
3 Summon Water Elemental
3 Brilliance Aura
1 Mass Teleport
1 Blizzard
» actions
| Assign group hotkey | 24 | |
| Basic commands | 158 | |
| Build / train | 72 | |
| ESC pressed | 4 | |
| Enter build submenu | 32 | |
| Enter hero's abilities submenu | 8 | |
| Give item / drop item | 9 | |
| Remove unit from queue | 3 | |
| Right click | 1014 | |
| Select / deselect | 461 | |
| Select group hotkey | 493 | |
| Use ability | 86 | |
2364 total
» units
| Peasant | 15 | |
| Footman | 6 | |
| Gryphon Rider | 6 | |
27 total
» upgrades
| Swords | 3 | |
| Masonry | 3 | |
| Armor | 3 | |
| Lumber Harvesting | 2 | |
| Animal War Training | 1 | |
| Storm Hammers | 1 | |
| Cloud | 1 | |
| Backpack | 1 | |
15 total
» buildings
| Altar of Kings | 1 | |
| Farm | 6 | |
| Barracks | 1 | |
| Scout Tower | 9 | |
| Arcane Tower | 3 | |
| Arcane Vault | 2 | |
| Town Hall | 2 | |
| Keep | 1 | |
| Lumber Mill | 1 | |
| Blacksmith | 1 | |
| Guard Tower | 3 | |
| Castle | 1 | |
| Gryphon Aviary | 4 | |
35 total
» build order
00:04 Altar of Kings
00:09 Farm
00:41 Barracks
01:21 Farm
01:32 Scout Tower
02:03 Farm
02:08 Arcane Tower
02:51 Farm
03:39 Arcane Vault
03:41 Arcane Vault
04:44 Town Hall
04:47 Scout Tower
04:50 Scout Tower
04:59 Keep
05:39 Lumber Mill
05:48 Blacksmith
06:12 Farm
07:03 Guard Tower
07:27 Scout Tower
07:58 Guard Tower
08:00 Castle
08:53 Gryphon Aviary
08:57 Gryphon Aviary
12:00 Farm
16:55 Gryphon Aviary
16:58 Gryphon Aviary
21:14 Town Hall
24:25 Scout Tower
24:27 Scout Tower
24:28 Scout Tower
25:01 Guard Tower
31:54 Scout Tower
32:15 Scout Tower
32:40 Arcane Tower
32:47 Arcane Tower
» items
| Scroll of Regeneration | 5 | |
| Scroll of Town Portal | 2 | |
| Periapt of Vitality | 1 | |
| Staff of Teleportation | 1 | |
| Boots of Speed | 1 | |
10 total
Chat log
(00:07 / All) HIDEBEHINDTOWER: WATCH OUT
(00:12 / All) HIDEBEHINDTOWER: THERE'S A ZIPPERHEAD ON THE LOOSE
(00:17 / All) HIDEBEHINDTOWER: EVERYONE PLEASE TAKE CAUTION
(00:26 / All) HIDEBEHINDTOWER: AND KEEP YOUR CATS AND DOGS SECURE
(01:33 / All) HIDEBEHINDTOWER: GOLD PLEASE
(01:48 / All) HIDEBEHINDTOWER: TY SON
(02:20 / All) Lucky.wolf: last game i got rushed by 4 tinks
(02:22 / All) Lucky.wolf: tinkers
(02:25 / All) Lucky.wolf: right off the bat
(02:27 / All) CloakAndDagger.: raped
(02:34 / All) HIDEBEHINDTOWER: THESE THINGS HAPPEN
(02:36 / All) Lucky.wolf: na
(02:38 / All) HIDEBEHINDTOWER: NOT TO ME BUT THEY DO HAPPEN IM SURE
(02:40 / All) Lucky.wolf: call to arms took care of it
(03:00 / All) HIDEBEHINDTOWER: FAGGOT
(04:33 / All) HIDEBEHINDTOWER: GO AWAY KID
(04:53 / All) HIDEBEHINDTOWER: THANKS YOU WERE USEFUL
(04:58 / All) HIDEBEHINDTOWER: I COULD NEVER HAVE CREEPED THAT ALONE
(05:03 / All) HIDEBEHINDTOWER: GO ELSEWHERE
(07:26 / All) HIDEBEHINDTOWER: WOOD PLEASE MY CHILDREN
(08:38 / All) Lucky.wolf: owl so annoying
(09:07 / All) CloakAndDagger.: That's what you get for trying to harass me, fool
(11:52 / All) CloakAndDagger.: you're not taking that expo fool
(12:05 / All) HIDEBEHINDTOWER: JUST LEAVE
(12:08 / All) CloakAndDagger.: raped
(12:09 / All) UNDEAD.SOLDER: lawl
(12:10 / All) CloakAndDagger.: he must be so angry
(14:22 / All) HIDEBEHINDTOWER: GOOK DOWN
(14:30 / All) CloakAndDagger.: Your team is terrible at handling harass
(15:22 / All) HIDEBEHINDTOWER: YOU BITCHES AIN'T SHIT
(16:15 / Allies) CloakAndDagger.: Sorry I have no tp
(16:26 / Allies) Lucky.wolf: thats okay
(16:30 / Allies) CloakAndDagger.: It is
(17:20 / All) HIDEBEHINDTOWER: WOOD CHILDREN
(18:11 / All) HIDEBEHINDTOWER: KILL EM
(18:15 / All) HIDEBEHINDTOWER: ILL JUST GET WYVERNS
(18:20 / All) HIDEBEHINDTOWER: THANK YOU SON
(18:28 / All) HIDEBEHINDTOWER: WOOD BROTHERS
(19:40 / All) HIDEBEHINDTOWER: GIVE ME SOME OF THAT FINE WOOD YOU HOARDING ORANGE
(19:46 / All) HIDEBEHINDTOWER: STOP HOLDING OUT ON ME
(20:36 / All) HIDEBEHINDTOWER: YOU GOT A DEATH WISH HOMIE?
(20:50 / Allies) CloakAndDagger.: get that back to work
(20:50 / Allies) CloakAndDagger.: wtf
(20:56 / Allies) Lucky.wolf: i dont know why he is stopping
(21:00 / Allies) Lucky.wolf: oh you ass hole
(21:01 / Allies) CloakAndDagger.: neither do i
(21:02 / Allies) CloakAndDagger.: what is wrong
(21:10 / Allies) Lucky.wolf: you are tellyporting to him
(21:12 / Allies) Lucky.wolf: or someone
(21:18 / Allies) CloakAndDagger.: I'm not
(21:32 / Allies) Lucky.wolf: yes you are
(21:38 / Allies) Lucky.wolf: why else did you notice it
(21:39 / Allies) CloakAndDagger.: I don't have teleport
(21:43 / Allies) CloakAndDagger.: I have level 3 brilliance and ele
(21:48 / Allies) Lucky.wolf: and am =l..
(21:49 / Allies) CloakAndDagger.: it's not on CD, see
(21:49 / All) UNDEAD.SOLDER: can u noobs leave plz
(21:56 / Allies) Lucky.wolf: show me
(21:59 / Allies) Lucky.wolf: share control
(22:03 / All) HIDEBEHINDTOWER: ORANGE ARE YOU PREPARED FOR THE SLAUGHTER?
(22:05 / Allies) CloakAndDagger.: See?
(22:12 / Allies) Lucky.wolf: lol
(22:13 / Allies) CloakAndDagger.: moron lol
(22:22 / Allies) Lucky.wolf: it was just a joke
(22:29 / Allies) CloakAndDagger.: you are a bser
(22:31 / Allies) CloakAndDagger.: you are a threat
(22:33 / Allies) Lucky.wolf: noo im not
(22:57 / All) Lucky.wolf: T.T
(22:59 / Allies) CloakAndDagger.: shouldn't backstab your superiors
(23:03 / All) Lucky.wolf: it was just a joke!
(23:08 / Allies) CloakAndDagger.: I shall let you live
(23:09 / Allies) CloakAndDagger.: This time
(23:13 / Allies) Lucky.wolf: yay
(23:18 / Allies) Lucky.wolf: if i was a bser
(23:20 / All) UNDEAD.SOLDER: oops
(23:23 / Allies) Lucky.wolf: then i would have done it early game
(23:25 / Allies) Lucky.wolf: not after we won
(23:26 / All) HIDEBEHINDTOWER: wHY ARE YOU EXPLODING ON MY WYVERNS
(25:02 / All) HIDEBEHINDTOWER: wASTE YOUR GOLD SON
(25:25 / All) HIDEBEHINDTOWER: GERIATRIC FAGGOT
(25:27 / All) HIDEBEHINDTOWER: GET OUT OF HERE
(26:24 / Allies) Lucky.wolf: wtf
(26:27 / All) UNDEAD.SOLDER: that was bad lawl
(26:41 / Allies) Lucky.wolf: just kill him
(26:44 / Allies) CloakAndDagger.: Who
(26:48 / Allies) Lucky.wolf: yellow
(26:48 / All) HIDEBEHINDTOWER: GET OUT OF MY BASE YOU LITTLE FAGGOT
(26:52 / All) HIDEBEHINDTOWER: I GOT A LAND SQUATTER
(27:00 / All) HIDEBEHINDTOWER: I OWN THIS PLOT OF DIRT FAGGOT
(27:01 / All) HIDEBEHINDTOWER: GET OUT
(27:15 / All) CloakAndDagger.: No squatters allowed
(27:21 / Allies) Lucky.wolf: squatters?
(27:29 / Allies) CloakAndDagger.: You were squatting in his base
(27:33 / All) HIDEBEHINDTOWER: YEAH YOU AND YOUR LITTLE MEXICAN SHITS
(27:34 / All) HIDEBEHINDTOWER: SPIC
(27:36 / All) HIDEBEHINDTOWER: WET BACK
(27:39 / All) HIDEBEHINDTOWER: GO BACK TO MEXICO
(27:53 / All) UNDEAD.SOLDER: i think green is confused
(28:00 / All) CloakAndDagger.: "whatisgoingon"
(28:15 / Allies) Lucky.wolf: they probibly have tons of expansions
(28:33 / All) UNDEAD.SOLDER: im not excited to play me3
(28:35 / All) UNDEAD.SOLDER: for w/e reason
(28:55 / All) CloakAndDagger.: Kill my base yellow
(29:01 / Allies) Lucky.wolf: ...
(29:06 / All) CloakAndDagger.: These fags need the loss
(29:12 / All) HIDEBEHINDTOWER: gREEN IS STILL HERE
(29:23 / All) UNDEAD.SOLDER: yes hes afk tho
(29:24 / All) Whatisgoingon: hoping to get the free win
(29:30 / All) CloakAndDagger.: Or not
(29:34 / All) Whatisgoingon: lol
(29:38 / All) UNDEAD.SOLDER: it wont be free green
(29:39 / All) Whatisgoingon: brb
(29:39 / All) UNDEAD.SOLDER: but
(29:40 / All) CloakAndDagger.: MEXICAN STANDOFF TIME
(29:41 / All) Whatisgoingon: was afk
(29:42 / All) UNDEAD.SOLDER: we will give u chacne
(29:44 / All) CloakAndDagger.: YOU HAVE TO EARN IT
(29:59 / All) UNDEAD.SOLDER: tell me when ur back greenn
(30:20 / Allies) Lucky.wolf: wtf is wrong with you guys
(30:31 / Allies) CloakAndDagger.: Our team are not lucky wolves
(30:52 / All) UNDEAD.SOLDER: standoff is complete on my side pretty mcuh
(31:26 / All) HIDEBEHINDTOWER: GOODBYE CUNTS
(31:27 / All) CloakAndDagger.: Getting 20k gold then killing my last hall
(31:41 / All) CloakAndDagger.: Do you have towers?
(31:42 / All) UNDEAD.SOLDER: why he leave
(31:53 / All) UNDEAD.SOLDER: yes
(31:55 / All) CloakAndDagger.: Good
(31:58 / All) UNDEAD.SOLDER: 2
(31:58 / All) CloakAndDagger.: I'll make 1 just in case
(32:13 / Allies) Lucky.wolf: just leave red
(32:19 / Allies) CloakAndDagger.: I will after I kill all of my shit
(32:22 / All) CloakAndDagger.: OK here's the plan
(32:26 / All) CloakAndDagger.: We will kill everything
(32:30 / All) CloakAndDagger.: Including our own stuff
(32:34 / All) CloakAndDagger.: No units will remain
(32:36 / All) CloakAndDagger.: Best internet wins
(32:38 / All) CloakAndDagger.: Sound fair?
(32:56 / Allies) Lucky.wolf: he will win idiot
(32:59 / Allies) Lucky.wolf: he can make siege
(33:03 / Allies) CloakAndDagger.: No, he is helping with the standoff fool
(33:07 / Allies) CloakAndDagger.: He is our stabbing ally
(33:46 / All) UNDEAD.SOLDER: kill bats
(34:49 / All) UNDEAD.SOLDER: done?
(34:53 / All) CloakAndDagger.: aFTER THIS SHIT DIES
(34:59 / All) CloakAndDagger.: BLUE WAS CONFUSED
(35:03 / All) CloakAndDagger.: SAID YOU'D MAKE SIEGE
(35:05 / Allies) CloakAndDagger.: LOL
(35:18 / All) UNDEAD.SOLDER: done my side
(35:19 / All) Lucky.wolf: didnt know you two were butt budies
(35:26 / All) CloakAndDagger.: WE ARE
(35:29 / All) CloakAndDagger.: GOOD LUCK